AoeStats
← matiascronopios

Arena

510613996Analyzed
1v1 RM · 22h ago on Oct 1, 2026· 124m 12s· 2 players
Game mode
Random Map
Map size
Tiny (2 player)
Population
200
Speed
Normal
Resources
Standard
Victory
Conquest
Starting age
Dark Age
Ending age
Imperial Age
RankedLock teamsTeams togetherTeam positionsShared explorationLock speedFull tech treeHidden civsTurbo modeCheats
Victory
Defeat
🇦🇷 Britons · Argentina
294
+8
🇬🇹 Bohemians · Guatemala
96
-8
JoseTan7238
1:43 Loom
11:53 Feudal Age
21:36 Castle Age
22:09 Wheelbarrow
31:10 Husbandry
30:30 Light Cavalry
30:34 Elite Skirmisher
30:35 Crossbowman
31:03 Arson
31:19 Squires
30:40 Pikeman
30:40 Man-at-Arms
32:19 Double-Bit Axe
37:26 Imperial Age
37:20 Wagenburg Tactics
39:03 Ballistics
39:44 Chemistry
38:55 Masonry
38:58 Forging
38:49 Scale Mail Armor
38:55 Scale Barding Armor
38:41 Fletching
38:51 Padded Archer Armor
42:49 Horse Collar
43:26 Bow Saw
43:48 Hussite Reforms
47:02 Elite Hussite Wagon
47:08 Arbalester
47:13 Halberdier
47:14 Long Swordsman
50:39 Bombard Tower
50:50 Architecture
54:23 Houfnice
56:57 Cavalier
62:13 Iron Casting
61:54 Chain Mail Armor
62:00 Chain Barding Armor
61:36 Bodkin Arrow
61:56 Leather Archer Armor
61:50 Siege Engineers
61:41 Murder Holes
61:56 Fortified Wall
61:38 Guard Tower
63:17 Sappers
64:09 Conscription
81:02 Plate Mail Armor
96:56 Two-Man Saw
100:37 Heavy Plow
107:44 Guilds
108:30 Hand Cart
114:52 Bracer
116:10 Town Watch
matiascronopios
10:18 Feudal Age
15:28 Double-Bit Axe
15:41 Gold Mining
17:39 Horse Collar
19:17 Wheelbarrow
19:42 Fletching
19:53 Padded Archer Armor
25:46 Castle Age
25:37 Forging
25:32 Scale Mail Armor
27:02 Crossbowman
28:25 Gold Shaft Mining
27:42 Stone Mining
28:36 Bow Saw
28:28 Heavy Plow
28:17 Pikeman
30:17 Hand Cart
32:12 Bodkin Arrow
32:48 Town Watch
36:22 Treadmill Crane
37:06 Ballistics
39:37 Imperial Age
39:20 Murder Holes
39:19 Heated Shot
40:01 Cavalier
41:36 Halberdier
44:55 Arbalester
44:59 Heavy Mounted Crossbowman
48:34 Capped Ram
50:55 Chemistry
50:43 Yeomen
50:31 Warwolf
52:35 Hoardings
51:22 Elite Longbowman
53:37 Elite Longbowman
55:36 Hoardings
59:37 Onager
59:39 Heavy Scorpion
74:49 Yeomen
77:54 Hoardings
77:05 Heavy Scorpion
79:31 Onager
81:50 Sappers
100:07 Two-Man Saw
Connection lost

Rejoining the realm…

Still unreachable

The connection could not be restored.

Session expired

The server has moved on; the page needs a fresh start.